 Dungeon Crawl Stone Soup version 0.30-a0-778-g2ef04afb54 (webtiles) character file.

Game seed: 6926614448237567788

238 Heoruswealwe the Caller (level 5, -4/28 HPs)
             Began as a Deep Elf Summoner on Feb 15, 2023.
             Slain by a +3 quarterstaff of electrocution (16 damage)
             ... created by the rancor of the Wu Jian Council
             ... on level 3 of the Dungeon.
             The game lasted 00:35:16 (2560 turns).

Heoruswealwe the Caller (Deep Elf Summoner)         Turns: 2560, Time: 00:35:16

Health: -4/28      AC:  3    Str:  5    XL:     5   Next: 78%
Magic:  12/12      EV: 13    Int: 22    God:
Gold:   93         SH:  0    Dex: 15    Spells: 7/11 levels left

rFire   . . .      SeeInvis .    T - +4 dagger (venom)
rCold   . . .      Faith    .    (no shield)
rNeg    . . .      Spirit   .    Q - +0 robe
rPois   .          Reflect  .    (no helmet)
rElec   .          Harm     .    w - +0 cloak
rCorr   .          Rampage  .    (no gloves)
Will    .....                    (no boots)
Stlth   ++                       U - amulet of magic regeneration
HPRegen 0.24/turn                (no ring)
MPRegen 0.53/turn                (no ring)

@: no status effects
A: no striking features
a: no special abilities


You were on level 3 of the Dungeon.
You visited 1 branch of the dungeon, and saw 3 of its levels.

You collected 102 gold pieces.
You spent 9 gold pieces at shops.

Inventory:

Hand Weapons
 c - a +0 club
 d - a +0 dagger
 g - a +0 sling
 i - a +0 club
 j - a +0 dagger
 l - a +0 spear
 p - a +0 club
 q - a +0 dagger
 r - a +0 club
 s - a +0 club
 t - a +3 quarterstaff of chaos
 u - a +0 spear
 x - a +0 hammer
 y - a +0 short sword
 B - a +0 dagger
 C - a +0 club
 F - a +1 dagger of venom
 J - a +0 club
 K - a +0 whip
 M - a +0 club
 O - a +0 falchion
 P - a +0 whip
 S - a +0 long sword
 T - a +4 dagger of venom (weapon)
Missiles
 m - 17 stones
 n - 12 poisoned darts
Armour
 a - a +1 robe
 v - a +0 cloak
 w - a +0 cloak (worn)
 D - a +0 leather armour
 L - a +2 ring mail of fire resistance
 N - a +0 ring mail
 Q - a +0 robe (worn)
Jewellery
 U - an amulet of magic regeneration (around neck)
Scrolls
 f - 5 scrolls of teleportation
 o - a scroll of immolation
 E - a scroll of identify
 H - a scroll of amnesia {unknown}
Potions
 b - a potion of magic
 e - a potion of brilliance
 h - a potion of curing
 k - 2 potions of attraction {unknown}
 z - a potion of degeneration {unknown}
 A - a potion of resistance {unknown}
 G - 2 potions of haste
 I - a potion of ambrosia {unknown}
 R - a potion of lignification {unknown}


   Skills:
 + Level 0.5 Fighting
 + Level 0.8 Long Blades
 + Level 2.9 Dodging
 + Level 3.0 Stealth
 * Level 3.7 Spellcasting
 + Level 0.8 Conjurations
 + Level 1.3 Hexes
 * Level 4.9 Summonings
 + Level 1.2 Necromancy
 + Level 0.9 Translocations
 + Level 1.1 Transmutations
 + Level 1.3 Fire Magic
 + Level 0.6 Ice Magic
 + Level 0.9 Air Magic
 + Level 1.2 Earth Magic
 + Level 1.1 Poison Magic
 + Level 0.7 Invocations
 + Level 1.0 Evocations


You had 7 spell levels left.
You knew the following spells:

 Your Spells              Type           Power      Damage    Failure   Level
a - Summon Small Mammal   Summ           100%       N/A       1%          1
b - Call Canine Familiar  Summ           25%        N/A       4%          3

Your spell library contained the following spells:

 Spells                   Type           Power      Damage    Failure   Level
 Call Imp                 Summ           25%        N/A       2%          2
 Beastly Appendage        Tmut           18%        N/A       8%          1
 Summon Guardian Golem    Hex/Summ       17%        N/A       10%         3
 Wereblood                Tmut           9%         N/A       11%         2
 Spider Form              Tmut/Pois      9%         N/A       22%         3
 Vhi's Electric Charge    Tloc/Air       16%        N/A       24%         3
 Summon Lightning Spire   Summ/Air       17%        N/A       34%         4
 Arcjolt                  Conj/Air       3%         1d13      92%         5
 Orb of Destruction       Conj           3%         9d5       100%        7
 Spellforged Servitor     Conj/Summ      8%         N/A       100%        7
 Maxwell's Capacitive Co  Air            4%         ∞         100%        8


Dungeon Overview and Level Annotations

Branches:
Dungeon (3/15)

Altars:
Wu Jian

Shops:
D:3 *

Annotations:
D:3 1 runed translucent door, Spect's ghost, amateur DgHu


Message History

The bat hits you but does no damage.
You hit the bat.
The bat is moderately wounded.
The bat barely misses you. The bat barely misses you.
The bat closely misses you.
You hit the bat.
You kill the bat!
Sifu Hu Sanniang whispers: Nowhere to run...
The divine experience confuses you!
You are confused.
A +1 great sword of speed, a +1 dire flail of electrocution, a +4 great sword of flaming and a +3 quarterstaff of electrocution come into view.
Are you sure you want to stumble around while confused and next to your hound? [Y]es or [N]o only, please.
Are you sure you want to stumble around while confused and next to your hound? [Y]es or [N]o only, please.
Are you sure you want to stumble around while confused and next to your hound? [Y]es or [N]o only, please.
Are you sure you want to stumble around while confused and next to your hound? [Y]es or [N]o only, please.
Are you sure you want to stumble around while confused and next to your hound?
Okay, then.
Your hound barely misses the +4 great sword of flaming.
Your hound bites the +4 great sword of flaming but does no damage.
Your hound barely misses the +4 great sword of flaming.
Your hound bites the +4 great sword of flaming.
The +1 dire flail of electrocution hits you!
The +3 quarterstaff of electrocution completely misses your hound.
Your hound bites the +4 great sword of flaming.
The +4 great sword of flaming hits your hound!
The +4 great sword of flaming burns your hound.
Your hound dies!
Your hound's corpse disappears in a puff of smoke!
The +1 dire flail of electrocution closely misses you.
You feel yourself speed up.
You feel less confused.
The +1 dire flail of electrocution hits you.
The +3 quarterstaff of electrocution misses you.
The +1 dire flail of electrocution hits you.
The +3 quarterstaff of electrocution hits you.
You are electrocuted!
Ouch! That really hurt!
You die...

### #.#
################.#
................(#
################(#
#@# #(# #(# #.# .
#.# #. #.# #.
#########.# #####.
#......########
#.....
#.....####....##
##....


You could see 4 dancing weapons.

Vanquished Creatures
  4 adders
  A worm (D:2)
  A dart slug (D:1)
  2 orcs (D:3)
  4 bats
  2 endoplasms
  3 goblins
  4 hobgoblins
  2 kobolds (D:1)
  A ball python (D:1)
  A frilled lizard (D:1)
  4 rats
29 creatures vanquished.

Vanquished Creatures (collateral kills)
  A hound (D:3)
  A jelly (D:3)
  Crazy Yiuf (D:2)
  3 adders
  A worm (D:2)
  2 orcs (D:3)
  5 endoplasms
  7 goblins
  3 hobgoblins
  4 jackals (D:1)
  A quokka (D:3)
  6 ball pythons
  5 bats
  2 frilled lizards (D:2)
  A kobold (D:3)
  4 rats
47 creatures vanquished.

Grand Total: 76 creatures vanquished

Notes
Turn   | Place    | Note
-------+----------+-------------------------------------------
     0 | D:1      | Heoruswealwe the Deep Elf Summoner began the quest for the
                  | Orb.
     0 | D:1      | Reached XP level 1. HP: 10/10 MP: 6/6
   157 | D:1      | Reached XP level 2. HP: 15/15 MP: 5/8
   665 | D:1      | Reached XP level 3. HP: 13/19 MP: 9/9
   671 | D:1      | Learned a level 3 spell: Call Canine Familiar
   692 | D:1      | Reached skill level 1 in Fire Magic
  1072 | D:2      | Reached skill level 1 in Hexes
  1101 | D:2      | Reached XP level 4. HP: 17/24 MP: 11/11
  1125 | D:2      | Reached skill level 1 in Earth Magic
  1376 | D:2      | Found a runed translucent door.
  1377 | D:2      | Noticed Crazy Yiuf
  1389 | D:2      | Killed Crazy Yiuf
  1555 | D:2      | Reached skill level 1 in Poison Magic
  1562 | D:2      | Found a faded altar of an unknown god.
  1704 | D:2      | Prayed at the altar of an unknown god.
  1704 | D:2      | Became a worshipper of the Wu Jian Council
  1704 | D:2      | Reached * piety under Wu Jian
  1705 | D:2      | Fell from the grace of Wu Jian
  1905 | D:3      | Reached XP level 5. HP: 28/28 MP: 10/12
  2115 | D:3      | Reached skill level 1 in Necromancy
  2115 | D:3      | Reached skill level 1 in Transmutations
  2401 | D:3      | Found Saeplapa's General Store.
  2411 | D:3      | Bought a +0 robe for 9 gold pieces
  2475 | D:3      | Found a runed translucent door.
  2476 | D:3      | Noticed Spect's ghost (amateur DgHu)
  2510 | D:3      | Reached skill level 1 in Evocations
  2556 | D:3      | Noticed a +1 great sword of speed
  2556 | D:3      | Noticed a +1 dire flail of electrocution
  2556 | D:3      | Noticed a +4 great sword of flaming
  2556 | D:3      | Noticed a +3 quarterstaff of electrocution
  2560 | D:3      | Slain by a +3 quarterstaff of electrocution

Illustrated notes

Levels and vault maps discovered:
D:1:      amcnicky_arrival_blooded_trapdoor, layout_loops_ring,
          minmay_liquid_box
D:2:      minmay_evil_eye, layout_rooms, serial_glass, glass_columns_a,
          glass_columns_b, glass_columns_c, glass_columns_b, glass_columns_c,
          glass_columns_b, glass_columns_a, glass_columns_c,
          shapermc_ecumenical_altar_venn, uniq_crazy_yiuf_cottage
D:3:      layout_basic, gammafunk_ghost_grave, serial_shops,
          nicolae_shop_behind_doors, wad_orctagon

Skill      XL: |  1  2  3  4  5 |
---------------+----------------+-----
Fire Magic     | 1 |  1.3
Hexes          | 1 |  1.3
Earth Magic    | 1 |  1.2
Poison Magic   | 1 |  1.1
Necromancy     | 1 |  1.2
Transmutations | 1 |  1.1
Stealth        | 3 |  3.0
Evocations     | 1 |  1.0
Fighting       | |  0.5
Long Blades    | |  0.8
Dodging        | |  2.9
Spellcasting   | |  3.7
Conjurations   | |  0.8
Summonings     | |  4.9
Translocations | |  0.9
Ice Magic      | |  0.6
Air Magic      | |  0.9
Invocations    | |  0.7

Action                     |  1- 3 |  4- 6 || total
---------------------------+-------+-------++-------
  Melee: Club              |     7 |       ||     7
         Dagger            |    95 |    38 ||   133
         Falchion          |       |     5 ||     5
   Cast: Summon Small Mamm |    12 |       ||    12
         Call Canine Famil |     3 |    11 ||    14
 Invoke: Renounce Religion |       |     1 ||     1
    Use: Scroll            |     3 |     2 ||     5
         Potion            |     3 |     2 ||     5
   Stab: Sleeping          |       |     2 ||     2
         Distracted        |       |     1 ||     1
 Armour: Robe              |    28 |     8 ||    36
  Dodge: Dodged            |    76 |    27 ||   103

Table legend: (Time is in decaauts)
 A = Elapsed time spent in this place.
 B = Non-inter-level travel time spent in this place.
 C = Inter-level travel time spent in this place.
 D = Time resting spent in this place.
 E = Time spent auto-exploring this place.
 F = Levels seen in this place.
 G = Mean time per level.
                   A        B        C        D        E       F      G
               +--------+--------+--------+--------+--------+-----+--------+
         Total |   2547 |   2261 |    286 |      0 |      0 |   3 |  849.0 |
       Dungeon |   2547 |   2261 |    286 |      0 |      0 |   3 |  849.0 |
               +--------+--------+--------+--------+--------+-----+--------+

Top non-repeatable levels by time:
     D:1: 1017 daAuts
     D:2: 865 daAuts
     D:3: 664 daAuts
